 Dungeon Crawl Stone Soup version 0.18.1-48-g4cf74bf (console) character file.

111 Kloppie the Poker (level 4, 0/36 HPs)
             Began as a Vine Stalker Berserker on July 6, 2016.
             Was a Believer of Trog.
             Succumbed to a scorpion's poison
             ... on level 3 of the Dungeon.
             The game lasted 00:02:25 (1653 turns).

Kloppie the Poker (Vine Stalker Berserker)          Turns: 1653, Time: 00:02:25

Health: 0/36       AC:  8    Str: 24    XL:     4   Next: 92%
Magic:  3/5        EV:  8    Int:  7    God:    Trog [**....]
Gold:   74         SH:  0    Dex: 15    Spells: 0 memorised, 3 levels left

rFire  . . .     SeeInvis .     a - +0 spear
rCold  . . .     Gourm    .     d - +0 chain mail
rNeg   . . .     Faith    .     (no shield)
rPois  .         Spirit   +     (no helmet)
rElec  .         Dismiss  .     (no cloak)
rCorr  .         Reflect  .     (no gloves)
SustAt .         Harm     .     (no boots)
MR     .....                    (no amulet)
Stlth  ..........               (no ring)
                                (no ring)

@: berserking (expiring), lethally poisoned (0 -> -10), very quick, not
resistant to hostile enchantments, extremely unstealthy
A: fangs 2, regeneration 1, magic shield, antimagic bite, no device heal 3, rot
immunity
a: Berserk, Trog's Hand, Burn Spellbooks, Renounce Religion


You were on level 3 of the Dungeon.
You worshipped Trog.
Trog was pleased with you.
You were hungry.

You visited 1 branch of the dungeon, and saw 3 of its levels.

You collected 74 gold pieces.

Inventory:

Hand Weapons
 a - a +0 spear (weapon)
Armour
 d - a +0 chain mail (worn)
Scrolls
 b - a scroll of immolation {unknown}
 e - a scroll of enchant armour {unknown}
 g - a scroll of teleportation {unknown}
 h - 3 scrolls of remove curse {unknown}
 k - a scroll of recharging {unknown}
 m - 4 scrolls of identify {unknown}
 o - a scroll of amnesia {unknown}
Potions
 i - a potion of agility {unknown}
 l - a potion of cure mutation {unknown}
 n - a potion of degeneration {unknown}
 q - a potion of magic {unknown}
 r - a potion of resistance {unknown}
Comestibles
 c - a bread ration
 f - 5 beef jerkies
 j - 5 chunks of flesh
 p - a meat ration


   Skills:
 + Level 3.3 Fighting
 * Level 3.9 Polearms
 + Level 2.5 Armour
 - Level 1.5 Dodging


You had 3 spell levels left.
You didn't know any spells.

Dungeon Overview and Level Annotations

Branches:
Dungeon (3/15)

Altars:
Gozag
Sif Muna


Innate Abilities, Weirdness & Mutations

You have extremely sharp teeth.
Your natural rate of healing is unusually fast.
When hurt, damage is shared between your health and your magic reserves.
Your bite disrupts and absorbs the magic of your enemies.
Potions and wands cannot restore your health.
You are immune to rotting.


Message History

A red film seems to cover your vision as you go berserk!
You feel yourself moving faster!
You feel mighty!
You are feeling hungry.
The scorpion stings you.
* * * LOW HITPOINT WARNING * * *
You are lethally poisoned!
The scorpion poisons you!
You hit the scorpion. You bite the scorpion. You drain its power.
You feel invigorated.
You kill the scorpion!
Trog accepts your kill.
* * * LOW HITPOINT WARNING * * *
You feel sick.
* * * LOW HITPOINT WARNING * * *
You feel sick.
You see here a scorpion corpse.
You feel a strong urge to attack something.
* * * LOW HITPOINT WARNING * * *
You feel sick.
You die...

#. #. .#
.. #. #.
#.##
#..#
##@# #.#
#.## .#
#..##.#
##.##.#
###..#.#
#....#.#
#......#
#......#


There were no monsters in sight!

Vanquished Creatures
  A scorpion (D:3)
  2 adders (D:2)
  2 worms (D:2)
  A giant gecko (D:1)
  3 orcs (D:3)
  4 giant cockroaches
  3 goblins
  3 hobgoblins
  7 kobolds
  A quokka (D:2)
  5 bats
  2 giant newts (D:1)
  2 rats (D:1)
36 creatures vanquished.

Notes
Turn   | Place    | Note
--------------------------------------------------------------
     0 | D:1      | Kloppie the Vine Stalker Berserker began the quest for the Orb.
     0 | D:1      | Reached XP level 1. HP: 11/11 MP: 2/2
   183 | D:1      | Reached XP level 2. HP: 16/16 MP: 3/3
   647 | D:1      | Reached ** piety under Trog
   647 | D:1      | Reached XP level 3. HP: 19/19 MP: 4/4
   800 | D:2      | Found an opulent altar of Gozag.
  1459 | D:2      | Reached XP level 4. HP: 24/24 MP: 5/5
  1491 | D:2      | Found a deep blue altar of Sif Muna.
  1651 | D:3      | HP: 1/36 [poisoned by a scorpion]
  1653 | D:3      | Succumbed to a scorpion's poison

Skill      XL: |  1  2  3 |
---------------+----------+-----
Polearms       | 3 |  3.9
Armour         | 2 |  2.5
Fighting       | 3 |  3.3
Dodging        | |  1.5

Action                   |  1- 3 |  4- 6 || total
-------------------------+-------+-------++-------
Melee: Spear             |   118 |    25 ||   143
       Bite              |    27 |     7 ||    34
Invok: Berserk           |       |     1 ||     1
  Eat: Chunk             |     2 |       ||     2
Armor: Chain mail        |    49 |     5 ||    54
Dodge: Dodged            |    31 |     4 ||    35
